 Dungeon Crawl Stone Soup version 0.32-a0-779-g362cfcae2a (webtiles) character file.

Game seed: 3484148747309764320

5322 kae the Carver (level 10, 0/80 HPs)
             Began as a Coglin Gladiator on Mar 19, 2024.
             Was a Believer of Nemelex Xobeh.
             Engulfed by a steam dragon's steam (11 damage)
             ... on level 9 of the Dungeon.
             The game lasted 00:08:33 (9749 turns).

kae the Carver (Coglin Gladiator)                   Turns: 9749, Time: 00:08:34

Health: 0/80       AC: 12    Str: 14    XL:     10   Next: 64%
Magic:  10/10      EV:  9    Int:  8    God:    Nemelex Xobeh [**....]
Gold:   653        SH:  0    Dex: 20    Spells: 9/9 levels left

rFire   . . .        a - +0 long sword {Santos}
rCold   . . .        p - +0 short sword (speed) {Tae}
rNeg    . . .        B - +4 scale mail
rPois   .            c - +0 helmet
rElec   .            (no cloak)
rCorr   .            l - +0 pair of gloves of the gadgeteer {Gadgeteer Wandboost ^Fragile}
SInv    .            (no boots)
Will    .....        (amulet unavailable) Stlth
                     (ring unavailable)
HPRegen 0.33/turn    (ring unavailable)
MPRegen 0.12/turn    (no gizmo)

%: no passive effects
@: no status effects
A: off-hand wielding, slow wielding, warmup strikes, no jewellery
a: Invent Gizmo, Renounce Religion, Draw Escape, Draw Destruction, Draw
Summoning


You were on level 9 of the Dungeon.
You worshipped Nemelex Xobeh.
Nemelex Xobeh was pleased with you.
You visited 2 branches of the dungeon, and saw 10 of its levels.

You collected 1693 gold pieces.
You spent 1040 gold pieces at shops.


Innate Abilities, Weirdness & Mutations

You can wield a second weapon in your off-hand.
It takes a long time for you to wield or remove held weapons.
Your first few attacks do less damage.
You cannot equip rings or amulets.


   Skills:
 - Level 8.0 Fighting
 + Level 11.5 Long Blades
 - Level 1.7 Throwing
 - Level 2.6 Dodging
 - Level 10.0 Evocations


You had 9 spell levels left.
You didn't know any spells.
Your spell library contained the following spells:

 Spells                   Type           Power      Damage    Failure   Level
 Magic Dart               Conj           0%         1d3       89%         1
 Sting                    Conj/Alch      0%         1d3       89%         1
 Mercury Vapours          Alch/Air       0%         N/A       96%         2
 Searing Ray              Conj           0%         2d4       96%         2
 Fugue of the Fallen      Necr           0%         N/A       99%         3
 Mephitic Cloud           Conj/Alch/Air  0%         N/A       99%         3
 Ozocubu's Armour         Ice            0%         N/A       99%         3
 Tukima's Dance           Hex            0%         N/A       99%         3
 Fulminant Prism          Conj/Alch      0%         3d5       100%        4
 Manifold Assault         Tloc           0%         N/A       100%        4
 Olgreb's Toxic Radiance  Alch           0%         N/A       100%        4
 Passage of Golubria      Tloc           0%         N/A       100%        4
 Freezing Cloud           Conj/Ice/Air   0%         6-21      100%        5
 Summon Forest            Summ/Tloc      0%         N/A       100%        5
 Yara's Violent Unravell  Hex/Alch       0%         3d3       100%        5
 Eringya's Noxious Bog    Alch           0%         4d6       100%        6
 Summon Hydra             Summ           0%         N/A       100%        7

Inventory:

Hand Weapons
 a - a +0 long sword (weapon) {Santos}
 f - a +0 dagger {Jeff}
 p - a +0 short sword of speed (offhand) {Tae}
   (You found it on level 2 of the Dungeon)
Missiles
 d - 4 throwing nets (quivered) {=f!f}
 e - 6 javelins
 h - 87 stones
 t - 19 boomerangs
 v - 21 poisoned darts
Armour
 b - a +0 leather armour
 c - a +0 helmet (worn)
 l - the +0 pair of gloves of the gadgeteer (worn) {Gadgeteer Wandboost ^Fragile}
   (You bought it in a shop on level 1 of the Dungeon)

   Gadgeteer: Your evocable items recharge 30% faster and wands have a 30%
   chance to not spend a charge.
   Wandboost: Your wands are more powerful.
   ^Fragile:  It will be destroyed if unequipped.
 q - a scarf of repulsion
   (You found it on level 2 of the Dungeon)
 B - a +4 scale mail (worn)
   (You took it off an orc on level 4 of the Dungeon)
Magical Staves
 u - a staff of fire {!a}
   (You found it on level 3 of the Dungeon)
Jewellery
 o - a ring of willpower
   (You found it on level 1 of the Dungeon)
 C - a ring of protection from cold
   (You found it on level 8 of the Dungeon)
 F - a ring of protection from fire
   (You found it on level 6 of the Dungeon)
 G - a ring of willpower
   (You found it on level 6 of the Dungeon)
 I - a +6 ring of intelligence
   (You found it on level 4 of the Dungeon)
 M - an amulet of magic regeneration
   (You found it on level 8 of the Dungeon)
Wands
 E - a wand of flame (9)
   (You found it on level 6 of the Dungeon)
 H - a wand of mindburst (16)
   (You found it on level 7 of the Dungeon)
 N - a wand of quicksilver (7)
   (You found it on level 8 of the Dungeon)
 O - a wand of paralysis (13)
   (You found it on level 5 of the Dungeon)
Scrolls
 i - 5 scrolls of teleportation {@r4}
 k - 5 scrolls of immolation {!r!r}
 r - a scroll of revelation
 P - a scroll of enchant armour
Potions
 g - 5 potions of heal wounds {@q2}
 j - 3 potions of mutation {unknown}
 m - a potion of haste {@q3}
 n - 2 potions of enlightenment
 s - 2 potions of resistance
 w - a potion of curing {@q1}
 x - a potion of degeneration {!q}
 z - 2 potions of attraction {!q}
 A - 2 potions of might
 D - a potion of lignification {!q}
 K - a potion of invisibility
Miscellaneous
 L - a sack of spiders
   (You found it on level 7 of the Dungeon)

Dungeon Overview and Level Annotations

Branches:
Dungeon (9/15) Zot: 26933  Temple (1/1) D:6 Zot: 5959
   Lair: D:8-11         Orc: D:9-12

Altars:
Ashenzari
Cheibriados
Dithmenos
Fedhas
Gozag
Hepliaklqana
Kikubaaqudgha
Nemelex Xobeh
Qazlal
Ru
Sif Muna
Trog
Uskayaw
Vehumet
Wu Jian
Xom
Yredelemnul
Zin
The Shining One

Shops:
D:1 [   D:3 =

Annotations:
D:3 1 runed translucent door, Crazy Yiuf

### #.# .. .#....
#.# #.###. #.....
#.#####.#.. #.....
#.......#.#
#..!..##.####..#.#
#......#.........#
#
##......#.##....#.#
.#
#...D§§§#.##....#.#
. #.§@#.##.###..#.#
#...#§§Y.Y## ##.#.#
###.#.##.## #.).#
#.#.##.# #)#.#
#.#.##.## #.#.#
#.#.#...# #Y# #
#.#...### .Y#
#....## ... ###..#
..ß.


You could see a yak and a steam dragon (catching breath).


Message History

You hear a bellow!
A howler monkey and 2 yaks come into view.
The howler monkey howls!
The yak bellows!
The centaur shoots an arrow.
The arrow closely misses you.
A yak comes into view.
The centaur shoots an arrow.
The arrow closely misses you.
There are monsters nearby!
A yak comes into view.
A yak comes into view.
The centaur unwields a +0 shortbow.
The centaur hits you but does no damage.
The centaur kicks you.
There are monsters nearby! 😕 HP[-2]
You take 2 damage, and now have 78/80 hp.
You hit the centaur but do no damage.
You hit the centaur with your +0 long sword.
You slash the centaur with your +0 long sword!
You hit the centaur but do no damage.
The centaur hits you but does no damage.
The centaur kicks you. 😕 HP[-1]
You take 1 damage, and now have 77/80 hp.
You barely miss the centaur with your +0 long sword.
You closely miss the centaur with your +0 short sword of speed.
The centaur hits you but does no damage.
The centaur kicks you but does no damage.
You hit the centaur with your +0 short sword of speed.
You slash the centaur with your +0 long sword!
You kill the centaur!
The yak gores you but does no damage.
You see here a +0 shortbow. 😕 HP[+1]
You completely miss the howler monkey with your +0 short sword of speed.
You slash the howler monkey with your +0 long sword!
The howler monkey hits you. The yak gores you! 😕 HP[-14]
You take 14 damage, and now have 64/80 hp.
You hit the howler monkey with your +0 long sword.
You hit the howler monkey with your +0 short sword of speed.
You kill the howler monkey!
The yak gores you! 😮 HP[-9]
You take 9 damage, and now have 55/80 hp.
You barely miss the yak with your +0 short sword of speed.
You slash the yak with your +0 long sword!
You barely miss the yak with your +0 long sword.
You hit the yak with your +0 short sword of speed.
The yak gores you! The yak gores you. 😮 HP[-10]
You take 10 damage, and now have 45/80 hp.
You slash the yak with your +0 long sword!
You hit the yak with your +0 short sword of speed.
The yak gores you. x2
* * * LOW HITPOINT WARNING * * *
😨 HP[-5]
You take 5 damage, and now have 40/80 hp.
You hit the yak but do no damage.
You barely miss the yak with your +0 long sword.
You hit the yak with your +0 short sword of speed.
You slash the yak with your +0 long sword!
You kill the yak!
The yak barely misses you.
Okay, then.
You hit the yak but do no damage. x2; The yak gores you!
* * * LOW HITPOINT WARNING * * *
😨 HP[-11]
You take 11 damage, and now have 29/80 hp.
You slash the yak with your +0 long sword!
You hit the yak with your +0 short sword of speed.
You hit the yak with your +0 long sword.
You completely miss the yak with your +0 short sword of speed.
The yak gores you!
* * * LOW HITPOINT WARNING * * *
😨 HP[-8]
You take 8 damage, and now have 21/80 hp.
You hit the yak but do no damage.
You hit the yak with your +0 short sword of speed.
The yak gores you.
* * * LOW HITPOINT WARNING * * *
😱 HP[-3]
You take 3 damage, and now have 18/80 hp.
You slash the yak with your +0 long sword!
You kill the yak!
Okay, then. 😱 HP[+1] 😱 HP[+1] 😨 HP[+1]
A steam dragon comes into view.
The steam dragon hisses angrily. 😨 HP[+1]
The steam dragon breathes steam at you. The ball of steam hits you!
* * * LOW HITPOINT WARNING * * *
There is a stone staircase leading up here. 😱 HP[-11]
You take 11 damage, and now have 11/80 hp.
You are engulfed in a cloud of scalding steam.
You die...
Your body disappears without a glow.

Skill      XL: |  1  2  3  4  5  6  7  8  9 10 |
---------------+-------------------------------+-----
Long Blades    | 4 5 6 7 8 9 11 | 11.5
Evocations     | 3 4 6 9 10 | 10.0
Fighting       | 3 4 5 7 8 |  8.0
Throwing       | |  1.7
Dodging        | |  2.6

Action                     |  1- 3 |  4- 6 |  7- 9 | 10-12 || total
---------------------------+-------+-------+-------+-------++-------
  Melee: Long sword        |    65 |   130 |   329 |   132 ||   656
         Dagger            |    52 |       |       |       ||    52
         Short sword       |     2 |   123 |   310 |   126 ||   561
 Invoke: Draw Destruction  |       |       |     4 |     1 ||     5
         Draw Summoning    |       |       |     1 |       ||     1
         Draw Escape       |       |       |       |     1 ||     1
  Evoke: Wand              |       |       |     1 |     2 ||     3
    Use: Scroll            |     4 |     6 |     7 |     5 ||    22
         Potion            |       |     3 |     1 |       ||     4
   Stab: Sleeping          |     1 |     3 |       |       ||     4
 Armour: Leather armour    |    26 |    72 |     7 |       ||   105
         Scale mail        |       |       |   252 |   134 ||   386
  Dodge: Dodged            |    44 |    60 |   126 |    79 ||   309

Levels and vault maps discovered:
D:1:      roderic_crossed_star, layout_basic, basic_ecumenical_altar,
          serial_shops, shop
D:2:      layout_loops_ring, uniq_robin, uniq_natasha
D:3:      layout_loops_ring, grunt_gozag_statues, serial_shops, shop,
          uniq_crazy_yiuf_cottage
D:4:      layout_layer_cave, mainiacjoe_overflow_surrounded_room, uniq_duvessa,
          uniq_edmund
D:5:      layout_basic, nicolae_wu_jian_immortal_techniques, uniq_sigmund
D:6:      layout_loops_ring, minmay_temple_entry_proselytizer,
          columned_hall_lemuel, chequers_serial_rivers_room_b,
          corexii_leaking_fountain
D:7:      layout_basic, dk_vineyard_2, serial_bayou_pond_e,
          minmay_misc_feat_enclosed, roadster_capsule_ark_zombie
D:8:      layout_cave_pools, hangedman_misty_isle
D:9:      layout_basic, mainiacjoe_overflow_six_doors_small,
          mainiacjoe_overflow_concentric_impassable, grunt_ministairs_4,
          minivault_20
Temple:   lightli_temple_of_artemis

Notes
Turn   | Place    | Note
-------+----------+-------------------------------------------
     0 | D:1      | kae the Coglin Gladiator began the quest for the Orb.
     0 | D:1      | Reached XP level 1. HP: 16/16 MP: 1/1
     0 | D:1      | magus.rc [v1.11.3]
    52 | D:1      | Reached XP level 2. HP: 21/22 MP: 2/2
   207 | D:1      | Found Cillakeh's Antique Armour Emporium.
   267 | D:1      | Found a faded altar of an unknown god.
   355 | D:1      | Reached skill level 4 in Long Blades
   411 | D:1      | Reached XP level 3. HP: 27/27 MP: 3/3
  1112 | D:2      | Noticed Natasha
  1119 | D:2      | Killed Natasha
  1120 | D:2      | Reached skill level 5 in Long Blades
  1120 | D:2      | Reached XP level 4. HP: 33/33 MP: 4/4
  1124 | D:2      | Noticed Robin
  1139 | D:2      | Killed Robin
  1387 | D:2      | Noticed Natasha
  1395 | D:2      | Killed Natasha
  1396 | D:2      | Reached XP level 5. HP: 25/38 MP: 5/5
  1493 | D:2      | You add the spells Summon Forest, Eringya's Noxious Bog and
                  | Summon Hydra to your library.
  1496 | D:2      | Identified a scroll of acquirement
  1496 | D:2      | Acquired 1189 gold pieces
  1550 | D:1      | Bought the +0 pair of gloves of the gadgeteer {Gadgeteer
                  | Wandboost ^Fragile} for 1040 gold pieces
  1550 | D:1      | Found the +0 pair of gloves of the gadgeteer {Gadgeteer
                  | Wandboost ^Fragile}
  1616 | D:2      | Noticed Natasha
  1632 | D:2      | Killed Natasha
  1662 | D:3      | Found Duiwnoif's Jewellery Emporium.
  1772 | D:3      | Reached skill level 6 in Long Blades
  2233 | D:3      | Reached XP level 6. HP: 44/44 MP: 6/6
  2369 | D:3      | You pick up a book of Battle and begin reading...
  2369 | D:3      | You add the spells Fugue of the Fallen, Ozocubu's Armour
                  | and Manifold Assault to your library.
  2382 | D:3      | Found an opulent altar of Gozag.
  2469 | D:3      | Found a runed translucent door.
  2470 | D:3      | Noticed Crazy Yiuf
  2851 | D:4      | Noticed Duvessa
  2869 | D:4      | Noticed Dowan
  2876 | D:4      | HP: 10/44 [Dowan/+0 dagger (2)]
  2877 | D:4      | Killed Duvessa
  2878 | D:4      | Reached skill level 1 in Evocations
  3005 | D:4      | HP: 11/46 [Dowan/+0 dagger (4)]
  3006 | D:4      | Killed Dowan
  3007 | D:4      | Reached skill level 7 in Long Blades
  3007 | D:4      | Reached skill level 2 in Evocations
  3209 | D:4      | Found a hazy altar of Hepliaklqana.
  3225 | D:4      | Noticed Edmund
  3236 | D:4      | Killed Edmund
  3237 | D:4      | Reached skill level 3 in Fighting
  3237 | D:4      | Reached skill level 3 in Evocations
  3237 | D:4      | Reached XP level 7. HP: 26/52 MP: 7/7
  3850 | D:4      | Reached skill level 4 in Evocations
  4001 | D:5      | Entered Level 5 of the Dungeon
  4019 | D:5      | Noticed Sigmund
  4051 | D:5      | Killed Sigmund
  4052 | D:5      | Reached skill level 4 in Fighting
  4052 | D:5      | Reached XP level 8. HP: 58/60 MP: 8/8
  4175 | D:5      | You add the spells Sting, Mercury Vapours and Olgreb's
                  | Toxic Radiance to your library.
  4441 | D:5      | Reached skill level 8 in Long Blades
  4441 | D:5      | Reached skill level 5 in Evocations
  4448 | D:5      | HP: 15/61 [poisoned by a water moccasin]
  4650 | D:5      | You pick up a book of Conjurations and begin reading...
  4650 | D:5      | You add the spells Magic Dart, Searing Ray and Fulminant
                  | Prism to your library.
  4738 | D:5      | Reached skill level 5 in Fighting
  4826 | D:5      | Found an ornate altar of the Wu Jian Council.
  5097 | D:5      | Reached skill level 6 in Evocations
  5331 | D:6      | HP: 8/62 [orc priest/divine providence (16)]
  5396 | D:6      | Found a staircase to the Ecumenical Temple.
  5405 | Temple   | Entered the Ecumenical Temple
  5425 | Temple   | Became a worshipper of Nemelex Xobeh the Trickster
  5721 | D:6      | You pick up a book of Vapours and begin reading...
  5721 | D:6      | You add the spells Mephitic Cloud and Freezing Cloud to
                  | your library.
  5821 | D:6      | Reached XP level 9. HP: 51/69 MP: 9/9
  6350 | D:7      | Reached skill level 7 in Evocations
  6372 | D:7      | Reached skill level 6 in Fighting
  6478 | D:7      | You add the spells Tukima's Dance, Passage of Golubria and
                  | Yara's Violent Unravelling to your library.
  6515 | D:7      | Reached skill level 9 in Long Blades
  6650 | D:7      | Reached * piety under Nemelex Xobeh
  6826 | D:7      | Found an ancient bone altar of Kikubaaqudgha.
  6909 | D:7      | Reached skill level 8 in Evocations
  7249 | D:7      | Received a gift from Nemelex Xobeh
  7339 | D:7      | Reached skill level 7 in Fighting
  7799 | D:8      | Reached skill level 9 in Evocations
  7811 | D:7      | HP: 11/72 [steam dragon/ball of steam (13)]
  7813 | D:7      | Reached XP level 10. HP: 8/79 MP: 10/10
  8124 | D:7      | Reached skill level 10 in Long Blades
  8125 | D:7      | HP: 18/80 [killer bee (4)]
  8130 | D:7      | HP: 12/80 [poisoned by a killer bee]
  8565 | D:8      | HP: 18/80 [yak (9)]
  8794 | D:8      | Reached skill level 8 in Fighting
  8798 | D:8      | Reached skill level 10 in Evocations
  9197 | D:8      | Reached ** piety under Nemelex Xobeh
  9238 | D:8      | HP: 17/80 [orc priest/+0 mace (5)]
  9243 | D:8      | HP: 10/80 [water moccasin (5)]
  9542 | D:8      | Reached skill level 11 in Long Blades
  9735 | D:9      | HP: 18/80 [yak (3)]
  9748 | D:9      | HP: 11/80 [steam dragon/ball of steam (11)]
  9749 | D:9      | Engulfed by a steam dragon's steam

Vanquished Creatures
  Sigmund (D:5)
  7 yaks
  2 steam dragons
  Edmund (D:4)
  5 water moccasins
  Duvessa (D:4)
  A black bear (D:5)
  2 orc warriors
  An elephant zombie (D:7)
  5 sky beasts
  3 ogres
  5 centaurs
  A phantom (D:4)
  2 kobold brigands
  A scorpion (D:4)
  2 bullfrogs (D:7)
  Dowan (D:4)
  4 killer bees (D:7)
  5 howler monkeys
  2 bombardier beetles
  3 centaur zombies (D:7)
  3 jellies
  2 orc priests
  A sleepcap (D:8)
  Natasha (thrice) (D:2)
  5 iguanas
  4 orc wizards
  A killer bee zombie (D:7)
  An ogre zombie (D:7)
  4 hound zombies (D:7)
  3 howler monkey zombies (D:7)
  Robin (D:2)
  8 gnolls
  2 adders
  2 adder zombies (D:7)
  3 dart slugs
  19 orcs
  8 ball pythons
  7 bats
  9 endoplasms
  5 giant cockroaches
  15 goblins
  6 hobgoblins
  5 jackals (D:1)
  18 kobolds
  A quokka (D:1)
  4 frilled lizards
  2 rats (D:3)
197 creatures vanquished.

Vanquished Creatures (others)
  An orc (D:8)
1 creature vanquished.

Grand Total: 198 creatures vanquished

Table legend:
 A = Non-vault XP
 B = Vault XP
 C = Vault XP percentage of total XP
 D = Non-vault monster count
 E = Vault monster count
 F = Vault count percentage of total count
                 A         B        C        D         E       F
            +---------+---------+-------+---------+---------+-------
      Total |    5517 |    2086 |  27.4 |     156 |      42 |  21.2
            +---------+---------+-------+---------+---------+-------
        D:1 |      53 |       0 |   0.0 |      28 |       0 |   0.0
        D:2 |      87 |      74 |  46.0 |      12 |      14 |  53.8
        D:3 |     153 |       0 |   0.0 |      25 |       0 |   0.0
        D:4 |     316 |     366 |  53.7 |      14 |       3 |  17.6
        D:5 |     640 |     231 |  26.5 |       8 |       1 |  11.1
        D:6 |     421 |      41 |   8.9 |      15 |       1 |   6.2
        D:7 |    1675 |     769 |  31.5 |      30 |      17 |  36.2
        D:8 |    1737 |     444 |  20.4 |      21 |       4 |  16.0
        D:9 |     435 |     161 |  27.0 |       3 |       2 |  40.0
            +---------+---------+-------+---------+---------+-------

Skill      XL: |  1  2  3  4  5  6  7  8  9 10 |
---------------+-------------------------------+-----
Long Blades    | 4 5 6 7 8 9 11 | 11.5
Evocations     | 3 4 6 9 10 | 10.0
Fighting       | 3 4 5 7 8 |  8.0
Throwing       | |  1.7
Dodging        | |  2.6

Action                     |  1- 3 |  4- 6 |  7- 9 | 10-12 || total
---------------------------+-------+-------+-------+-------++-------
  Melee: Long sword        |    65 |   130 |   329 |   132 ||   656
         Dagger            |    52 |       |       |       ||    52
         Short sword       |     2 |   123 |   310 |   126 ||   561
 Invoke: Draw Destruction  |       |       |     4 |     1 ||     5
         Draw Summoning    |       |       |     1 |       ||     1
         Draw Escape       |       |       |       |     1 ||     1
  Evoke: Wand              |       |       |     1 |     2 ||     3
    Use: Scroll            |     4 |     6 |     7 |     5 ||    22
         Potion            |       |     3 |     1 |       ||     4
   Stab: Sleeping          |     1 |     3 |       |       ||     4
 Armour: Leather armour    |    26 |    72 |     7 |       ||   105
         Scale mail        |       |       |   252 |   134 ||   386
  Dodge: Dodged            |    44 |    60 |   126 |    79 ||   309

Illustrated notes

Table legend:
 A = Kills in this place as a percentage of kills in the entire game.
 B = Kills by you in this place as a percentage of kills by you in the entire game.
 C = Kills by friends in this place as a percentage of kills by friends in the entire game.
 D = Other kills in this place as a percentage of other kills in the entire game.
 E = Experience gained in this place as a percentage of experience gained in the entire game.
 F = Experience gained in this place divided by the number of levels of this place that you have seen.
                   A       B       C       D       E      F
               +-------+-------+-------+-------+-------+----------------------
         Total | 100.0 | 100.0 |   N/A | 100.0 | 100.0 | 760.3
       Dungeon | 100.0 | 100.0 |   N/A | 100.0 | 100.0 | 844.8
               +-------+-------+-------+-------+-------+----------------------

Table legend: (Time is in decaauts)
 A = Elapsed time spent in this place.
 B = Non-inter-level travel time spent in this place.
 C = Inter-level travel time spent in this place.
 D = Time resting spent in this place.
 E = Time spent auto-exploring this place.
 F = Levels seen in this place.
 G = Mean time per level.
                   A        B        C        D        E       F      G
               +--------+--------+--------+--------+--------+-----+--------+
         Total |   9635 |   9273 |    362 |   1622 |   6339 |  10 |  963.5 |
       Dungeon |   9594 |   9261 |    333 |   1622 |   6339 |   9 | 1066.0 |
        Temple |     40 |     11 |     29 |      0 |      0 |   1 |   40.0 |
               +--------+--------+--------+--------+--------+-----+--------+

Top non-repeatable levels by time:
     D:7: 2813 daAuts
     D:5: 1220 daAuts
     D:4: 1187 daAuts
     D:3: 1149 daAuts
     D:2: 889 daAuts
     D:6: 833 daAuts
     D:1: 781 daAuts
     D:8: 652 daAuts
     D:9: 66 daAuts
  Temple: 40 daAuts
